[Event "FIDE World Rapid-ch Open 2018"]
[White "Carlsen, Magnus"]
[Black "Salgado Lopez, Ivan"]
[Site "St. Petersburg"]
[Round "6.1"]
[Annotator "RC"]
[Result "1-0"]
[Date "2018.12.27"]
[WhiteElo "2835"]
[BlackElo "2629"]
[PlyCount "65"]
[TimeControl "900+10"]

1. c4 c5 2. g3 g6 3. Bg2 Bg7 4. Nc3 Nc6 5. Nf3 d6 6. 0-0 Bf5 7. h3 Nf6 8. d3 0-0 9. Rb1 a6 10. a3 Rb8 11. b4 cxb4 12. axb4 b5 13. e4 Bd7 14. cxb5 axb5 15. Bd2 Ne5 16. Nxe5 dxe5 17. Kh2 Ne8 18. Be3 Nc7 19. Qd2 Bc6 20. Rfc1 Qd7 21. Ra1 Ne6 22. Nd5 Bxd5 23. exd5 Nd4 24. Bxd4 exd4 25. Qf4 Qf5 26. Qxf5 gxf5 27. d6 exd6 28. Ra7 Rbc8 29. Rxc8 Rxc8 30. Bd5 f4 31. gxf4 Bh6 32. Rxf7 Rc3 33. f5 1-0

[Event "FIDE World Rapid-ch Open 2018"]
[White "Firouzja, Alireza"]
[Black "Andreikin, Dmitry"]
[Site "St. Petersburg"]
[Round "6.2"]
[Annotator "ChessBase"]
[Result "0-1"]
[Date "2018.12.27"]
[WhiteElo "2607"]
[BlackElo "2719"]
[PlyCount "108"]
[TimeControl "900+10"]

1. d4 Nf6 2. c4 e6 3. g3 Bb4+ 4. Nd2 c5 5. Ngf3 cxd4 6. Nxd4 Qb6 7. a3 Bxd2+ 8. Qxd2 Nc6 9. Nb5 d5 10. Qe3 d4 11. Nd6+ Ke7 12. Qg5 h6 13. Nxc8+ Raxc8 14. Qb5 Qxb5 15. cxb5 Na5 16. Bd2 Nb3 17. Bb4+ Kd7 18. Rb1 Nd5 19. Bg2 Nxb4 20. axb4 Rc4 21. Bxb7 Rxb4 22. Ba6 e5 23. f3 Rb8 24. Kf2 Nc5 25. Rbc1 Kd6 26. Rc2 Rb6 27. Rhc1 Nxa6 28. Rc6+ Kd7 29. Rxb6 axb6 30. bxa6 Ra4 31. f4 Rxa6 32. fxe5 Ra2 33. Rc2 Ra5 34. Kf3 Rxe5 35. Rd2 Re3+ 36. Kf2 Re4 37. e3 Kd6 38. exd4 Kd5 39. Rc2 Rxd4 40. Ke3 Re4+ 41. Kd3 Rd4+ 42. Ke3 Rb4 43. Rc7 Rb3+ 44. Kf4 Rxb2 45. h4 Rf2+ 46. Ke3 Rf6 47. h5 b5 48. g4 b4 49. Rc8 Rb6 50. Rd8+ Ke5 51. Re8+ Kf6 52. Kd2 b3 53. Kc1 b2+ 54. Kb1 Rb4 0-1

[Event "FIDE World Rapid-ch Open 2018"]
[White "Nepomniachtchi, Ian"]
[Black "Mamedyarov, Shakhriyar"]
[Site "St. Petersburg"]
[Round "6.3"]
[Annotator "RC"]
[Result "1/2-1/2"]
[Date "2018.12.27"]
[WhiteElo "2763"]
[BlackElo "2817"]
[PlyCount "37"]
[TimeControl "900+10"]

1. c4 e5 2. Nc3 Nf6 3. Nf3 Nc6 4. g3 d5 5. cxd5 Nxd5 6. Bg2 Bc5 7. 0-0 0-0 8. d3 Re8 9. Qb3 Nxc3 10. bxc3 Bb6 11. Nd2 Bg4 12. Re1 Qf6 13. Ne4 Qg6 14. Ba3 h5 15. h4 Rad8 16. Ng5 Qf6 17. Ne4 Qg6 18. Ng5 Qf6 19. Ne4 1/2-1/2

[Event "FIDE World Rapid-ch Open 2018"]
[White "Wang, Hao"]
[Black "Gelfand, Boris"]
[Site "St. Petersburg"]
[Round "6.4"]
[Annotator "ChessBase"]
[Result "1/2-1/2"]
[Date "2018.12.27"]
[WhiteElo "2730"]
[BlackElo "2673"]
[PlyCount "79"]
[TimeControl "900+10"]

1. d4 Nf6 2. Nf3 d5 3. Bf4 c5 4. e3 Nc6 5. Nbd2 cxd4 6. exd4 Bf5 7. c3 e6 8. Nh4 Bg4 9. Qb3 Bd6 10. Bxd6 Qxd6 11. h3 Bh5 12. Bd3 0-0-0 13. Bb5 Kb8 14. Nhf3 Bxf3 15. Nxf3 Ne4 16. 0-0 g5 17. Rfe1 Rhg8 18. c4 f6 19. Bxc6 Qxc6 20. Rac1 g4 21. cxd5 gxf3 22. Qxf3 Ng5 23. dxc6 Nxf3+ 24. Kh1 Rxd4 25. gxf3 e5 26. Rc2 Rd3 27. cxb7 Rxf3 28. Kh2 Kxb7 29. Re4 Rf5 30. Rb4+ Ka8 31. Rg4 Rxg4 32. hxg4 Rg5 33. f3 h5 34. Kh3 hxg4+ 35. fxg4 f5 36. gxf5 Rxf5 37. Re2 Rg5 38. Kh4 Rg8 39. Rxe5 Rg2 40. Rb5 1/2-1/2

[Event "FIDE World Rapid-ch Open 2018"]
[White "Yu, Yangyi"]
[Black "Zubov, Alexander"]
[Site "St. Petersburg"]
[Round "6.5"]
[Annotator "RC"]
[Result "1-0"]
[Date "2018.12.27"]
[WhiteElo "2764"]
[BlackElo "2597"]
[PlyCount "107"]
[TimeControl "900+10"]

1. e4 Nc6 2. Nf3 d6 3. d4 Nf6 4. Bb5 Bd7 5. Nc3 a6 6. Bxc6 Bxc6 7. Qe2 d5 8. Ne5 dxe4 9. Nxc6 bxc6 10. Qc4 Qd7 11. Bg5 e6 12. Bxf6 gxf6 13. Nxe4 Bg7 14. c3 Qd5 15. Qe2 f5 16. Nc5 Qxg2 17. 0-0-0 Qd5 18. Rhg1 Bf6 19. Nxa6 Qa5 20. Nb4 Qb5 21. Qf3 Be7 22. a3 Bxb4 23. cxb4 0-0-0 24. Kb1 Qd5 25. Qh5 Rd7 26. Ka1 Qe4 27. Rge1 Qf4 28. Qe2 Rd6 29. Rc1 Qxd4 30. Qa6+ Kd7 31. b5 c5 32. Qa7 c4 33. Qa4 c3 34. Qxd4 Rxd4 35. Rxc3 Rb8 36. Rec1 Rb7 37. R1c2 h5 38. Ka2 h4 39. b4 e5 40. Rc5 f6 41. Kb3 Rd3+ 42. Kb2 Ra7 43. R5c3 Rd5 44. Rc6 Rd3 45. Ra6 Rxa6 46. bxa6 Rd6 47. b5 Kc8 48. a7 Kb7 49. Rxc7+ Ka8 50. a4 Rb6 51. Kc3 f4 52. Kc4 e4 53. a5 Rb7 54. b6 1-0

[Event "FIDE World Rapid-ch Open 2018"]
[White "Anton Guijarro, David"]
[Black "Kamsky, Gata"]
[Site "St. Petersburg"]
[Round "6.6"]
[Annotator "ChessBase"]
[Result "1-0"]
[Date "2018.12.27"]
[WhiteElo "2642"]
[BlackElo "2666"]
[PlyCount "81"]
[TimeControl "900+10"]

1. e4 c5 2. Nf3 e6 3. d3 Nc6 4. g3 g6 5. Bg2 Bg7 6. 0-0 Nge7 7. c3 0-0 8. Re1 e5 9. a3 d6 10. b4 b6 11. Nbd2 h6 12. Bb2 a6 13. Nc4 b5 14. Ne3 a5 15. bxc5 dxc5 16. Nd5 Rb8 17. a4 b4 18. c4 Qd6 19. Nd2 Bd7 20. Nb3 g5 21. Qh5 Ng6 22. Bh3 Bxh3 23. Qxh3 Nd4 24. Bxd4 exd4 25. Qf5 Kh8 26. f4 gxf4 27. gxf4 Rbc8 28. Nxa5 Qd8 29. Nb3 Qh4 30. Re2 Rc6 31. Rg2 Qd8 32. Rg3 Ne7 33. Nxe7 Qxe7 34. Kh1 Rf6 35. Qg4 Rg6 36. Qf3 Rg8 37. a5 Bf8 38. e5 Qd7 39. Rxg6 Rxg6 40. a6 Qa7 41. Qb7 1-0

[Event "FIDE World Rapid-ch Open 2018"]
[White "Svidler, Peter"]
[Black "Vitiugov, Nikita"]
[Site "St. Petersburg"]
[Round "6.7"]
[Annotator "RC"]
[Result "1/2-1/2"]
[Date "2018.12.27"]
[WhiteElo "2737"]
[BlackElo "2719"]
[PlyCount "53"]
[TimeControl "900+10"]

1. Nf3 d5 2. c4 d4 3. b4 c5 4. g3 cxb4 5. a3 e6 6. Bg2 Nc6 7. 0-0 a5 8. axb4 Bxb4 9. Ne1 Nge7 10. Nd3 0-0 11. Nxb4 Nxb4 12. Ba3 Ra6 13. d3 e5 14. Nd2 Rh6 15. Bxb4 axb4 16. Qa4 Nc6 17. Qb5 Qe7 18. Rfb1 Bg4 19. Re1 Bh3 20. Bd5 Bg4 21. Ne4 Bf5 22. Qc5 Qd7 23. Ng5 Rf6 24. Reb1 h6 25. Ne4 Bxe4 26. Bxe4 Re8 27. Qb5 1/2-1/2

[Event "FIDE World Rapid-ch Open 2018"]
[White "Korobov, Anton"]
[Black "Bosiocic, Marin"]
[Site "St. Petersburg"]
[Round "6.8"]
[Annotator "ChessBase"]
[Result "1-0"]
[Date "2018.12.27"]
[WhiteElo "2698"]
[BlackElo "2599"]
[PlyCount "103"]
[TimeControl "900+10"]

1. d4 Nf6 2. c4 e6 3. Nf3 d5 4. Nc3 a6 5. cxd5 exd5 6. Bg5 Be6 7. e3 Nbd7 8. Bd3 Bd6 9. 0-0 0-0 10. Rc1 c6 11. h3 Qc7 12. Ne2 Ne4 13. Bf4 f5 14. Qb3 b6 15. Rc2 h6 16. Rfc1 c5 17. dxc5 Ndxc5 18. Qa3 a5 19. Nfd4 Bd7 20. f3 Ng5 21. Bxd6 Qxd6 22. Nf4 Rae8 23. Bf1 Nf7 24. Rd2 g5 25. Nfe2 f4 26. exf4 gxf4 27. Nb3 Re3 28. Rc3 Rc8 29. Nxc5 Rxc5 30. Rxe3 fxe3 31. Qxe3 Ne5 32. Nf4 Bc6 33. Qd4 Qf6 34. Ne2 Qg7 35. Kf2 Be8 36. Nc3 Bf7 37. f4 Nc4 38. Bxc4 Qxd4+ 39. Rxd4 dxc4 40. a4 Rc6 41. g4 Kg7 42. f5 Kf6 43. Kg3 Ke5 44. Re4+ Kd6 45. Kf4 Kc5 46. Re5+ Kd4 47. Re7 Bg8 48. Rg7 Rc8 49. Rg6 Rb8 50. Rd6+ Kc5 51. Rxh6 Rd8 52. Ne4+ 1-0

[Event "FIDE World Rapid-ch Open 2018"]
[White "Oparin, Grigoriy"]
[Black "Dubov, Daniil"]
[Site "St. Petersburg"]
[Round "6.9"]
[Annotator "ChessBase"]
[Result "1/2-1/2"]
[Date "2018.12.27"]
[WhiteElo "2613"]
[BlackElo "2703"]
[PlyCount "173"]
[TimeControl "900+10"]

1. Nf3 Nf6 2. g3 g6 3. Bg2 Bg7 4. c4 0-0 5. Nc3 d5 6. cxd5 Nxd5 7. h4 Nxc3 8. bxc3 e5 9. Qc2 Bf5 10. e4 Bg4 11. d3 c5 12. Be3 b6 13. Nh2 Be6 14. h5 Nc6 15. hxg6 hxg6 16. Nf3 c4 17. d4 exd4 18. Nxd4 Ne5 19. 0-0 Bg4 20. f3 Bd7 21. f4 Ng4 22. Qe2 b5 23. e5 Rb8 24. Rad1 Qb6 25. Bd2 Nh6 26. Bf3 Nf5 27. Be1 Nxd4 28. cxd4 Bf5 29. Bf2 Bd3 30. Rxd3 cxd3 31. Qxd3 Qa5 32. Qe2 Qa4 33. d5 Rbc8 34. Be4 Rc4 35. Bd3 Rc3 36. Bxb5 Qa3 37. d6 Rb8 38. Bc4 Rb2 39. d7 Rxg3+ 40. Kh2 Qe7 41. Kxg3 Rxe2 42. Rd1 Qd8 43. Bxe2 Bf8 44. Bxa7 Be7 45. Be3 Qa5 46. Bc4 Bd8 47. Bb3 Qb5 48. Kf3 Qc6+ 49. Rd5 Qa6 50. Rd6 Qf1+ 51. Ke4 Qh1+ 52. Kd3 Qf1+ 53. Kc2 Qe2+ 54. Bd2 Qe4+ 55. Kc1 g5 56. fxg5 Qxe5 57. Rd5 Qe4 58. a4 Qh1+ 59. Kb2 Qg2 60. a5 Qf2 61. Kc2 Kf8 62. a6 Qb6 63. Bc4 Qc6 64. Kb3 Qb6+ 65. Bb4+ Kg7 66. Rf5 Qe3+ 67. Bc3+ Kg6 68. Rd5 Bxg5 69. Bd3+ f5 70. Bxf5+ Kf7 71. Bd3 Bd8 72. Rf5+ Kg8 73. Bc4+ Kh7 74. Rh5+ Kg6 75. Re5 Qb6+ 76. Bb4 Qg1 77. Bd3+ Kf7 78. Bc4+ Kg6 79. Re1 Qg3+ 80. Ka4 Qc7 81. Bb5 Qc2+ 82. Ka3 Bf6 83. Re2 Qc1+ 84. Kb3 Qd1+ 85. Ka3 Qc1+ 86. Kb3 Qd1+ 87. Ka3 1/2-1/2

[Event "FIDE World Rapid-ch Open 2018"]
[White "Sjugirov, Sanan"]
[Black "Bazeev, German"]
[Site "St. Petersburg"]
[Round "6.10"]
[Annotator "ChessBase"]
[Result "1-0"]
[Date "2018.12.27"]
[WhiteElo "2663"]
[BlackElo "2416"]
[PlyCount "47"]
[TimeControl "900+10"]

1. d4 Nf6 2. c4 e6 3. Nc3 Bb4 4. Qc2 Nc6 5. Nf3 0-0 6. Bd2 d5 7. e3 Ne7 8. a3 Bxc3 9. Bxc3 b6 10. b3 a5 11. a4 Bb7 12. Bd3 Nc6 13. 0-0 Qe7 14. Rfc1 h6 15. Qe2 Nb4 16. Bxb4 Qxb4 17. c5 bxc5 18. Rxc5 c6 19. Ne5 Rfc8 20. Qe1 Qb6 21. Rb1 Ne8 22. b4 f6 23. bxa5 Qc7 24. a6 1-0

[Event "FIDE World Rapid-ch Open 2018"]
[White "Petrosian, Tigran L."]
[Black "Nakamura, Hikaru"]
[Site "St. Petersburg"]
[Round "6.11"]
[Annotator "RC"]
[Result "1-0"]
[Date "2018.12.27"]
[WhiteElo "2598"]
[BlackElo "2746"]
[PlyCount "121"]
[TimeControl "900+10"]

1. g3 Nf6 2. Bg2 d5 3. Nf3 e6 4. 0-0 Be7 5. d3 b6 6. Nbd2 Bb7 7. e4 c5 8. e5 Nfd7 9. Re1 Nc6 10. h4 h6 11. Nf1 Qc7 12. Qe2 g5 13. hxg5 hxg5 14. Bxg5 Bxg5 15. Nxg5 Ndxe5 16. f4 Qe7 17. c3 0-0-0 18. Rad1 Ng6 19. d4 cxd4 20. cxd4 Kb8 21. Nh2 Qf6 22. Ng4 Qg7 23. Qe3 Ka8 24. Ne5 Ngxe5 25. dxe5 Ne7 26. Rc1 Nf5 27. Qd3 Rc8 28. b4 Qf8 29. Rxc8+ Bxc8 30. a3 Qe7 31. Kf2 Bb7 32. Rh1 Rxh1 33. Bxh1 a5 34. Qc3 Kb8 35. Bf3 d4 36. Qc4 Qd7 37. bxa5 b5 38. Qc5 d3 39. a6 Bxa6 40. Qb6+ Bb7 41. Bxb7 Qxb7 42. Qd8+ Qc8 43. Qxd3 Qc5+ 44. Kg2 Nd4 45. Kh3 Qc4 46. Qd1 Qc3 47. Nxf7 Kc7 48. Ng5 Kb6 49. Kg4 Ka5 50. Ne4 Qc4 51. Qd2+ Ka4 52. Qb2 Nf5 53. Nc3+ Ka5 54. Qd2 Ka6 55. Na2 Qc8 56. Nb4+ Kb7 57. Kf3 Kb6 58. g4 Nh4+ 59. Kg3 Ng6 60. Qd6+ Ka5 61. Nc6+ 1-0

[Event "FIDE World Rapid-ch Open 2018"]
[White "Aronian, Levon"]
[Black "Sargissian, Gabriel"]
[Site "St. Petersburg"]
[Round "6.12"]
[Annotator "RC"]
[Result "1/2-1/2"]
[Date "2018.12.27"]
[WhiteElo "2765"]
[BlackElo "2689"]
[PlyCount "40"]
[TimeControl "900+10"]

1. e4 e5 2. Nf3 Nc6 3. Bb5 Nf6 4. 0-0 Nxe4 5. Re1 Nd6 6. Bf1 Be7 7. Nxe5 Nxe5 8. Rxe5 0-0 9. d4 Bf6 10. Re2 Re8 11. c3 Rxe2 12. Qxe2 Nf5 13. Bf4 c6 14. Qc2 d5 15. Bd3 g6 16. Nd2 Ng7 17. Re1 Bf5 18. Bxf5 Nxf5 19. Nf3 Qd7 20. h3 Re8 1/2-1/2

[Event "FIDE World Rapid-ch Open 2018"]
[White "Shirov, Alexei"]
[Black "Karjakin, Sergey"]
[Site "St. Petersburg"]
[Round "6.13"]
[Annotator "RC"]
[Result "1/2-1/2"]
[Date "2018.12.27"]
[WhiteElo "2643"]
[BlackElo "2753"]
[PlyCount "47"]
[TimeControl "900+10"]

1. e4 e5 2. Nf3 Nc6 3. Bb5 Nf6 4. 0-0 Nxe4 5. Re1 Nd6 6. Nxe5 Be7 7. Bf1 Nxe5 8. Rxe5 0-0 9. Nc3 Ne8 10. Nd5 Bd6 11. Re1 c6 12. Ne3 Bc7 13. Nf5 d5 14. Ne7+ Kh8 15. Nxc8 Rxc8 16. d4 f5 17. Qh5 Nf6 18. Qh4 Qd7 19. Bf4 Rce8 20. Bd3 Rxe1+ 21. Rxe1 Bxf4 22. Qxf4 g6 23. Qe5 Kg7 24. Qe7+ 1/2-1/2

[Event "FIDE World Rapid-ch Open 2018"]
[White "Timofeev, Artyom"]
[Black "Harikrishna, Pentala"]
[Site "St. Petersburg"]
[Round "6.14"]
[Annotator "ChessBase"]
[Result "1-0"]
[Date "2018.12.27"]
[WhiteElo "2589"]
[BlackElo "2725"]
[PlyCount "129"]
[TimeControl "900+10"]

1. c4 e5 2. e3 Nf6 3. Nc3 Nc6 4. d3 g6 5. Nf3 Bg7 6. Be2 0-0 7. 0-0 d6 8. Rb1 a5 9. a3 Re8 10. b4 axb4 11. axb4 e4 12. Nxe4 Nxe4 13. dxe4 Rxe4 14. Bb2 Bxb2 15. Rxb2 Qf6 16. Rd2 b6 17. Qc1 Bb7 18. Qb2 Ne5 19. Nxe5 Rxe5 20. f4 Re6 21. Qxf6 Rxf6 22. Kf2 Re6 23. c5 bxc5 24. bxc5 dxc5 25. Rc1 Rd6 26. Rb2 Rb6 27. Rd2 Ra5 28. Bf3 Bxf3 29. Kxf3 Rd6 30. Rdc2 Rd5 31. Rb2 Ra3 32. Rbc2 Rdd3 33. Re1 Rac3 34. Rxc3 Rxc3 35. Rd1 c4 36. Rd7 Rc1 37. Rxc7 c3 38. g4 f5 39. gxf5 c2 40. Ke4 gxf5+ 41. Kxf5 Re1 42. Rxc2 Rxe3 43. Kf6 Re8 44. Rg2+ Kf8 45. Rg7 Re4 46. f5 Rh4 47. Rf7+ Kg8 48. Ra7 h6 49. Ra8+ Kh7 50. Ra7+ Kg8 51. Kg6 Rg4+ 52. Kxh6 Kf8 53. Kh5 Rg2 54. h4 Rg1 55. Kh6 Rg4 56. h5 Kg8 57. f6 Kf8 58. Kh7 Rg1 59. h6 Rf1 60. Kg6 Rg1+ 61. Kf5 Rf1+ 62. Ke6 Re1+ 63. Kd5 Rd1+ 64. Ke4 Re1+ 65. Kd3 1-0

[Event "FIDE World Rapid-ch Open 2018"]
[White "Yudin, Sergei"]
[Black "Giri, Anish"]
[Site "St. Petersburg"]
[Round "6.15"]
[Annotator "RC"]
[Result "0-1"]
[Date "2018.12.27"]
[WhiteElo "2507"]
[BlackElo "2783"]
[PlyCount "78"]
[TimeControl "900+10"]

1. e4 c5 2. Nf3 d6 3. c3 Nf6 4. h3 Nc6 5. Bd3 d5 6. e5 Nd7 7. Bb5 Qb6 8. Na3 e6 9. 0-0 c4 10. b3 Bxa3 11. Bxc6 Be7 12. Ba4 0-0 13. b4 a5 14. b5 Nc5 15. Ba3 Bd7 16. Rb1 f5 17. Bc2 Rf7 18. Qe2 g5 19. Nd4 Rg7 20. g4 f4 21. Kg2 Rf8 22. f3 Be8 23. Rh1 Bg6 24. Bxg6 hxg6 25. Qf1 Kf7 26. Qg1 Rh7 27. Rh2 Re8 28. Rh1 Nd3 29. Bxe7 Rxe7 30. Re1 Nxe1+ 31. Qxe1 Rh4 32. a4 Qc5 33. Qc1 Re8 34. Rh2 Reh8 35. Qb1 Qa3 36. Qc2 R4h6 37. Qd1 Qb2 38. Qc2 Qa1 39. d3 Qe1 0-1

[Event "FIDE World Rapid-ch Open 2018"]
[White "Grischuk, Alexander"]
[Black "Savchenko, Boris"]
[Site "St. Petersburg"]
[Round "6.16"]
[Annotator "RC"]
[Result "1/2-1/2"]
[Date "2018.12.27"]
[WhiteElo "2771"]
[BlackElo "2562"]
[PlyCount "79"]
[TimeControl "900+10"]

1. e4 c5 2. Nc3 Nc6 3. Nf3 g6 4. d4 cxd4 5. Nxd4 Bg7 6. Be3 Nf6 7. Bc4 0-0 8. Bb3 d6 9. f3 Bd7 10. Qd2 Nxd4 11. Bxd4 b5 12. a4 bxa4 13. Bxa4 Be6 14. 0-0 Qc7 15. Rfc1 Qb7 16. Nd1 Rfc8 17. Ne3 Bh6 18. Ra3 Rc4 19. Bb3 Qb4 20. Qxb4 Rxb4 21. Bxe6 Rxd4 22. Ba2 Rb8 23. Re1 Rxb2 24. Bb3 Bxe3+ 25. Rxe3 Rd1+ 26. Kf2 e6 27. Rxa7 d5 28. exd5 Nxd5 29. Re1 Rd2+ 30. Re2 Rxe2+ 31. Kxe2 Nf4+ 32. Kf2 Nd3+ 33. Ke3 Nc5 34. Kd4 Nxb3+ 35. Kc3 Rb1 36. cxb3 Rc1+ 37. Kd3 Rd1+ 38. Kc3 Rc1+ 39. Kd3 Rd1+ 40. Kc3 1/2-1/2

[Event "FIDE World Rapid-ch Open 2018"]
[White "Sakaev, Konstantin"]
[Black "Guseinov, Gadir"]
[Site "St. Petersburg"]
[Round "6.17"]
[Annotator "ChessBase"]
[Result "1/2-1/2"]
[Date "2018.12.27"]
[WhiteElo "2584"]
[BlackElo "2664"]
[PlyCount "80"]
[TimeControl "900+10"]

1. d4 g6 2. c4 Bg7 3. e4 d6 4. Nc3 Nf6 5. Be2 0-0 6. Be3 c6 7. Nf3 e5 8. d5 Ng4 9. Bg5 f6 10. Bh4 h5 11. Nd2 Nh6 12. f3 Nf7 13. b4 a5 14. bxa5 Qxa5 15. Qc2 c5 16. 0-0 Nd7 17. Nb3 Qd8 18. a4 Bh6 19. Nb5 Nb8 20. Nc1 Na6 21. Nd3 Bg5 22. Bxg5 Nxg5 23. Qb2 Qe7 24. Nc3 Nf7 25. a5 Nc7 26. Qd2 Bd7 27. Rfb1 Rfb8 28. Rb6 Ra6 29. Qb2 Rxb6 30. Qxb6 Qd8 31. Bd1 Ra8 32. Qb2 Ne8 33. Qxb7 Rb8 34. Qa7 f5 35. exf5 gxf5 36. Nf2 h4 37. a6 Ra8 38. Qb7 Rb8 39. Qa7 Ra8 40. Qb7 Rb8 1/2-1/2

[Event "FIDE World Rapid-ch Open 2018"]
[White "Zhigalko, Sergei"]
[Black "Alekseev, Evgeny"]
[Site "St. Petersburg"]
[Round "6.18"]
[Annotator "ChessBase"]
[Result "1/2-1/2"]
[Date "2018.12.27"]
[WhiteElo "2604"]
[BlackElo "2639"]
[PlyCount "46"]
[TimeControl "900+10"]

1. e4 c5 2. Nf3 e6 3. c3 d5 4. exd5 Qxd5 5. d4 Nf6 6. Na3 Nc6 7. Be3 cxd4 8. Nb5 Qd8 9. Nbxd4 Nd5 10. Bd3 Nxe3 11. fxe3 Bd7 12. Qc2 g6 13. 0-0-0 Bg7 14. Kb1 0-0 15. h4 h6 16. Nxc6 bxc6 17. Qd2 Qf6 18. Rhf1 Rad8 19. e4 Qe7 20. Qe3 c5 21. e5 Bc6 22. Be4 Bb5 23. Rfe1 Rfe8 1/2-1/2

[Event "FIDE World Rapid-ch Open 2018"]
[White "Khanin, Semen"]
[Black "Anand, Viswanathan"]
[Site "St. Petersburg"]
[Round "6.19"]
[Annotator "RC"]
[Result "0-1"]
[Date "2018.12.27"]
[WhiteElo "2514"]
[BlackElo "2773"]
[PlyCount "62"]
[TimeControl "900+10"]

1. e4 e5 2. Nf3 Nc6 3. Bc4 Bc5 4. 0-0 Nf6 5. d3 d6 6. c3 a6 7. Bb3 Ba7 8. h3 h6 9. Re1 g5 10. Be3 g4 11. hxg4 Bxe3 12. Rxe3 Nxg4 13. Re1 Qf6 14. Nbd2 Bd7 15. Nf1 0-0-0 16. Ne3 Rdg8 17. Nd5 Qg7 18. g3 h5 19. Kf1 h4 20. gxh4 f5 21. exf5 Bxf5 22. Qd2 Rf8 23. Ne3 Bd7 24. Bd5 Nf6 25. Bxc6 Bxc6 26. Ng5 Qg6 27. Ke2 Rxh4 28. Rg1 Qh5+ 29. Ke1 Ng4 30. Nxg4 Rxg4 31. Rxg4 Qxg4 0-1

[Event "FIDE World Rapid-ch Open 2018"]
[White "Frolyanov, Dmitry"]
[Black "Akopian, Vladimir"]
[Site "St. Petersburg"]
[Round "6.20"]
[Annotator "ChessBase"]
[Result "1/2-1/2"]
[Date "2018.12.27"]
[WhiteElo "2517"]
[BlackElo "2650"]
[PlyCount "65"]
[TimeControl "900+10"]

1. e4 c5 2. Nf3 e6 3. d4 cxd4 4. Nxd4 a6 5. Bd3 Nf6 6. 0-0 Qc7 7. Qe2 d6 8. f4 g6 9. f5 Bg7 10. fxe6 fxe6 11. Be3 0-0 12. Nd2 Nc6 13. Nxc6 Qxc6 14. Rf2 Bd7 15. Raf1 Nh5 16. Nc4 Rxf2 17. Rxf2 Rf8 18. Rxf8+ Bxf8 19. Qf2 b5 20. Nd2 Bg7 21. Bd4 Bxd4 22. Qxd4 Nf4 23. Nf3 Nxd3 24. Qxd3 Qc5+ 25. Kh1 Bc6 26. h3 Qb4 27. a3 Qxe4 28. Qxd6 Qxc2 29. Qxe6+ Kg7 30. Qe7+ Kg8 31. Qe6+ Kg7 32. Qe7+ Kg8 33. Qe6+ 1/2-1/2

[Event "FIDE World Rapid-ch Open 2018"]
[White "Motylev, Alexander"]
[Black "Khismatullin, Denis"]
[Site "St. Petersburg"]
[Round "6.21"]
[Annotator "ChessBase"]
[Result "1/2-1/2"]
[Date "2018.12.27"]
[WhiteElo "2644"]
[BlackElo "2621"]
[PlyCount "21"]
[TimeControl "900+10"]

1. e4 e5 2. Nf3 Nc6 3. Nc3 Nf6 4. d4 exd4 5. Nxd4 Bb4 6. Nxc6 bxc6 7. Bd3 d5 8. exd5 cxd5 9. 0-0 0-0 10. Bg5 c6 11. Qf3 1/2-1/2

[Event "FIDE World Rapid-ch Open 2018"]
[White "Salem, A.R. Saleh"]
[Black "Roiz, Michael"]
[Site "St. Petersburg"]
[Round "6.22"]
[Annotator "ChessBase"]
[Result "1/2-1/2"]
[Date "2018.12.27"]
[WhiteElo "2660"]
[BlackElo "2605"]
[PlyCount "41"]
[TimeControl "900+10"]

1. e4 e5 2. Nf3 Nc6 3. Bb5 Nf6 4. d3 d6 5. c3 g6 6. 0-0 Bg7 7. h3 0-0 8. Be3 a6 9. Ba4 Re8 10. Nbd2 h6 11. Re1 Bd7 12. a3 d5 13. Qc2 Na5 14. Bxd7 Qxd7 15. b4 Nc6 16. Nb3 Rad8 17. Rad1 Qc8 18. a4 b6 19. Ra1 Qb7 20. Bd2 Na7 21. c4 1/2-1/2

[Event "FIDE World Rapid-ch Open 2018"]
[White "Fridman, Daniel"]
[Black "Jumabayev, Rinat"]
[Site "St. Petersburg"]
[Round "6.23"]
[Annotator "ChessBase"]
[Result "1/2-1/2"]
[Date "2018.12.27"]
[WhiteElo "2633"]
[BlackElo "2602"]
[PlyCount "124"]
[TimeControl "900+10"]

1. Nf3 d5 2. d4 Nf6 3. c4 dxc4 4. e3 e6 5. Bxc4 c5 6. 0-0 Nc6 7. dxc5 Qxd1 8. Rxd1 Bxc5 9. a3 Be7 10. b4 0-0 11. Bb2 Bd7 12. Nbd2 Rfc8 13. Be2 Be8 14. Nc4 Nd5 15. e4 Nf4 16. Bf1 b5 17. Nd6 Bxd6 18. Rxd6 a5 19. Rb1 axb4 20. axb4 Ng6 21. Bxb5 Nxb4 22. Bxe8 Rxe8 23. Bc3 Nc2 24. h4 Rec8 25. Bd2 Na3 26. Rb7 Nc4 27. Rd4 Nxd2 28. Rxd2 Rd8 29. Rxd8+ Rxd8 30. g3 h6 31. h5 Nf8 32. Ne5 f6 33. Nc6 Rd7 34. Rb8 Kf7 35. f4 Rc7 36. Nd4 Nd7 37. Rd8 Nc5 38. Nb5 Rd7 39. Rxd7+ Nxd7 40. Kf2 Ke7 41. Ke3 f5 42. e5 Nb6 43. Nc3 Nd7 44. Kd4 Nf8 45. Nb1 g6 46. hxg6 Nxg6 47. Nd2 Kd7 48. Kc5 Ne7 49. Nc4 Ng6 50. Ne3 Ne7 51. Kb6 Nc6 52. g4 Ne7 53. Kc5 fxg4 54. Nxg4 Nf5 55. Kc4 Ke7 56. Kd3 h5 57. Nf6 h4 58. Ke2 Kf7 59. Kf3 h3 60. Ne4 Nd4+ 61. Kg3 Ne2+ 62. Kxh3 Nxf4+ 1/2-1/2

[Event "FIDE World Rapid-ch Open 2018"]
[White "Le, Quang Liem"]
[Black "Hovhannisyan, Robert"]
[Site "St. Petersburg"]
[Round "6.24"]
[Annotator "ChessBase"]
[Result "1/2-1/2"]
[Date "2018.12.27"]
[WhiteElo "2714"]
[BlackElo "2637"]
[PlyCount "94"]
[TimeControl "900+10"]

1. d4 d5 2. c4 c6 3. Nf3 Nf6 4. g3 Bg4 5. Ne5 Bf5 6. cxd5 cxd5 7. Nc3 Nc6 8. f3 Bd7 9. e4 e6 10. Nxc6 Bxc6 11. e5 Ng8 12. Be3 Bb4 13. Rc1 Ne7 14. Bd3 a6 15. Bb1 Nf5 16. Bf2 Rc8 17. 0-0 0-0 18. f4 f6 19. g4 Ne7 20. exf6 Rxf6 21. Bh4 Rf7 22. Qd3 g6 23. Qe3 Qd7 24. Rce1 e5 25. f5 gxf5 26. Bxe7 Qxe7 27. Bxf5 Re8 28. Qxe5 Qxe5 29. Rxe5 Rxe5 30. dxe5 Bc5+ 31. Kg2 d4+ 32. Kg3 dxc3 33. Be6 Be8 34. bxc3 Kg7 35. Bxf7 Bxf7 36. Rd1 Be6 37. Kf4 Be7 38. a4 Kg6 39. h3 a5 40. Rb1 Bd5 41. Rb5 Bc6 42. Rxa5 Bg5+ 43. Kg3 Bd2 44. Ra8 Be1+ 45. Kf4 Bd2+ 46. Kg3 Be1+ 47. Kf4 Bd2+ {[%emt 0:0:2] Ke4} 1/2-1/2

[Event "FIDE World Rapid-ch Open 2018"]
[White "Ragger, Markus"]
[Black "Artemiev, Vladislav"]
[Site "St. Petersburg"]
[Round "6.25"]
[Annotator "ChessBase"]
[Result "0-1"]
[Date "2018.12.27"]
[WhiteElo "2687"]
[BlackElo "2709"]
[PlyCount "80"]
[TimeControl "900+10"]

1. e4 c5 2. Nf3 d6 3. d4 cxd4 4. Nxd4 Nf6 5. Nc3 a6 6. g3 e6 7. Bg2 Qc7 8. 0-0 Be7 9. Be3 Nc6 10. Nxc6 bxc6 11. Na4 Nd7 12. c4 Rb8 13. Qe2 c5 14. Rad1 Bb7 15. Rd2 0-0 16. g4 f5 17. f4 Bxe4 18. Bxe4 fxe4 19. Nc3 Qb7 20. Rfd1 g5 21. Rf1 Rf7 22. fxg5 Rxf1+ 23. Kxf1 Rf8+ 24. Kg2 Ne5 25. Rd1 Nd3 26. Rf1 d5 27. Rxf8+ Bxf8 28. Bd2 Qxb2 29. cxd5 Qxc3 30. Bxc3 Nf4+ 31. Kf2 Nxe2 32. Kxe2 exd5 33. Be5 d4 34. h4 Kf7 35. a4 Ke6 36. Bf6 Bd6 37. h5 Bf4 38. Bd8 d3+ 39. Kf2 e3+ 40. Kf3 e2 0-1

[Event "FIDE World Rapid-ch Open 2018"]
[White "Mamedov, Rauf"]
[Black "Piorun, Kacper"]
[Site "St. Petersburg"]
[Round "6.26"]
[Annotator "ChessBase"]
[Result "0-1"]
[Date "2018.12.27"]
[WhiteElo "2703"]
[BlackElo "2634"]
[PlyCount "60"]
[TimeControl "900+10"]

1. e4 c6 2. Nc3 d5 3. Nf3 Nf6 4. e5 Ne4 5. Ne2 Qb6 6. d4 e6 7. Ng3 c5 8. Bd3 Nxg3 9. hxg3 cxd4 10. Ng5 Nc6 11. Nxh7 Bd7 12. Qe2 0-0-0 13. 0-0 Be7 14. Ng5 Nxe5 15. Qxe5 f6 16. Qe2 fxg5 17. f4 Bd6 18. a4 gxf4 19. gxf4 g5 20. a5 Qc7 21. a6 b6 22. Bb5 Bxb5 23. Qxb5 gxf4 24. Bd2 Rdg8 25. Rf2 Kb8 26. Re1 Qh7 27. Kf1 Qh1+ 28. Ke2 Qh5+ 29. Kf1 Qg4 30. Kg1 f3 0-1

[Event "FIDE World Rapid-ch Open 2018"]
[White "Antipov, Mikhail Al."]
[Black "Tomashevsky, Evgeny"]
[Site "St. Petersburg"]
[Round "6.27"]
[Annotator "ChessBase"]
[Result "0-1"]
[Date "2018.12.27"]
[WhiteElo "2589"]
[BlackElo "2705"]
[PlyCount "74"]
[TimeControl "900+10"]

1. e4 e5 2. Nf3 Nc6 3. Bb5 a6 4. Ba4 Nf6 5. 0-0 Be7 6. Re1 b5 7. Bb3 0-0 8. d4 d6 9. c3 Bg4 10. Be3 exd4 11. cxd4 Na5 12. Bc2 Nc4 13. Bc1 c5 14. b3 Nb6 15. d5 Nfd7 16. Nbd2 Bf6 17. Rb1 Ne5 18. h3 Bxf3 19. Nxf3 Nxf3+ 20. Qxf3 Re8 21. Be3 Rc8 22. Qe2 c4 23. Rec1 Nd7 24. bxc4 Rxc4 25. a4 Qa5 26. axb5 axb5 27. Bd3 Rxc1+ 28. Bxc1 Nc5 29. Rxb5 Qa4 30. Bc2 Qa2 31. e5 Kf8 32. f4 dxe5 33. Rxc5 exf4 34. Qd1 Qa7 35. Ba3 Qxa3 36. Rc4 Qg3 37. Re4 Rxe4 0-1